 Dungeon Sprint DCSS version 0.23.0-3-gf3c87f2 (webtiles) character file.

Game seed: 5228499470464841226

13408 nuthulu the Imperceptible (level 11, -10/66 HPs)
             Began as a Spriggan Assassin on Feb 21, 2019.
             Was the Champion of Dithmenos.
             Killed from afar by a deep troll earth mage (11 damage)
             ... with a blast of rock fragments
             ... in the Dungeon (Sprint IX: "|||||||||||||||||||||||||||||").
             The game lasted 00:09:34 (3506 turns).

nuthulu the Imperceptible (Spriggan Assassin)       Turns: 3506, Time: 00:09:34

Health: -10/66     AC:  3    Str:  7      XL:     11   Next: 75%
Magic:  4/17       EV: 39    Int: 12 (13) God:    Dithmenos [******]
Gold:   1209       SH:  6    Dex: 21      Spells: 10/10 levels left

rFire    . . .     SeeInvis +   p - +4 rapier (venom)
rCold    . . .     Gourm    .   w - +0 buckler
rNeg     + + +     Faith    .   c - +0 robe
rPois    ∞         Spirit   .   (helmet restricted)
rElec    .         Reflect  .   q - +0 cloak
rCorr    .         Harm     .   (gloves unavailable)
MR       +++++     NoTele   +   (boots unavailable)
Stlth    ++++++++++             (no amulet)
HPRegen  0.21/turn              s - +2 ring of evasion
MPRegen  0.15/turn              t - +2 ring of evasion

@: shadow-form, wreathed by umbra, drained, invisible, very quick
A: very small, unfitting armour, see invisible, deterioration 1, herbivore,
speed 3, slow metabolism 2, no potion heal 1
a: End Transformation, Shadow Step, Shadow Form, Renounce Religion


You were in the Dungeon.
You worshipped Dithmenos.
Dithmenos was exalted by your worship.
You were not hungry.
You were a swirling mass of dark shadows.
You visited 1 branch You collected 1704 gold pieces.
You spent 495 gold pieces at shops.

Inventory:

Hand Weapons
 a - a +2 dagger
 b - a +0 blowgun
 p - a +4 rapier of venom (weapon)
 x - a +3 quick blade
Missiles
 e - 8 poisoned needles
 f - 2 curare-tipped needles
Armour
 c - a +0 robe (worn)
 d - a +0 cloak
 q - a +0 cloak (worn)
 r - a +0 pair of gloves
 w - a +0 buckler (worn)
Jewellery
 s - a +2 ring of evasion (left hand)
 t - a +2 ring of evasion (right hand)
 y - an uncursed ring of protection from magic
 z - an uncursed ring of ice
 A - an uncursed ring of protection from fire
 B - an uncursed ring of fire
Wands
 o - a wand of acid (10)
Scrolls
 l - 6 scrolls of remove curse
 m - 3 scrolls of blinking
 n - 2 scrolls of amnesia
 v - 5 scrolls of identify
 D - a scroll of fog
Potions
 h - 5 potions of curing
 i - 3 potions of might
 j - 2 potions of heal wounds
 k - 4 potions of magic
 u - 2 potions of berserk rage
 C - 3 potions of brilliance
Comestibles
 g - 10 rations


   Skills:
 + Level 12.2(11.5) Fighting
 + Level 15.3(14.5) Short Blades
 - Level 2.2(1.6) Throwing
 + Level 19.0(18.0) Dodging
 + Level 21.2(20.3) Stealth
 + Level 2.0(1.4) Shields
 + Level 6.8(6.1) Invocations


You had 10 spell levels left.
You didn't know any spells.
Your spell library was empty.

Dungeon Overview and Level Annotations

Branches:
Dungeon (1/1)

Altars:
Cheibriados
Dithmenos
Elyvilon
Fedhas
Gozag
Hepliaklqana
Kikubaaqudgha
Makhleb
Nemelex Xobeh
Okawaru
Qazlal
Ru
Sif Muna
Trog
Uskayaw
Vehumet
Wu Jian
Xom
Yredelemnul
Zin
The Shining One
Beogh
Jiyva
Lugonu

Shops:
D ==([


Innate Abilities, Weirdness & Mutations

You are very small and have problems with some larger weapons.
You are too small for most types of armour.
You have supernaturally acute eyesight. (SInv)
You are a herbivore.
You cover ground extremely quickly.
You need to consume almost no food.
Your body sometimes deteriorates upon taking damage.
Potions are less effective at restoring your health.


Message History

The deep troll earth mage misses you.
The deep troll earth mage completely misses you. x2
You hit the deep troll earth mage but do no damage.
The deep troll earth mage looks as sick as possible!
The deep troll earth mage is moderately wounded.
Your shadow hits the deep troll earth mage with a rapier.
You see here a hornet corpse.
Your shield prevents you from hitting the deep troll earth mage.
The deep troll earth mage is moderately wounded.
The deep troll earth mage gestures at you while chanting.
The stone door frame shatters!
The blast of rock fragments hits you!!
* * * LOW HITPOINT WARNING * * *
You emit a cloud of dark smoke.
You feel drained.
You barely miss the deep troll earth mage.
The deep troll earth mage is heavily wounded.
You closely miss the deep troll earth mage.
The deep troll earth mage is heavily wounded.
The deep troll earth mage casts a spell at you.
The stone door frame shatters!
The blast of rock fragments hits you!!
You die...

[[[..'[...........'†........'....
▓▓▓▓▓▓▓▓▓▓▓▓▓▓▓▓▓▓▓▓▓▓▓▓▓▓▓▓▓▓▓▓▓
...............................).
▓▓▓▓▓▓▓▓▓▓▓▓▓▓▓▓▓▓▓▓▓▓▓▓▓▓▓▓▓▓▓▓▓
.'...(.∩.∩)∩)∩))))('..........).'
▓▓▓▓▓▓▓▓▓▓▓▓▓▓▓▓▓▓▓▓▓▓▓▓▓▓▓▓▓▓▓▓▓
.................................
▓▓▓▓▓▓▓▓▓▓▓▓▓▓▓▓▓▓▓▓▓▓▓▓▓▓▓▓▓▓▓▓▓
R.RVcz§QTW§..........[[[[[
▓▓▓▓▓▓▓▓▓▓▓▓▓▓▓▓▓▓▓▓▓▓▓▓▓▓


You could see a tengu warrior (wandering) and a deep troll earth mage.

Vanquished Creatures
  A two-headed ogre (D)
  2 orc high priests (D)
  An unseen horror (shapeshifter) (D)
  A wizard (D)
  2 lindwurms (D)
  4 orc sorcerers (D)
  4 orc knights (D)
  An ugly thing (D)
  A cyclops (D)
  An elephant (D)
  A black mamba (D)
  A gargoyle (D)
  3 tyrant leeches (D)
  A hornet (D)
  A troll (D)
  3 hippogriffs (D)
  A blink frog (D)
  A slime creature (D)
  Eustachio (D)
  An acid dragon (D)
  3 water moccasins (D)
  14 orc warriors (D)
  5 porcupines (D)
  A sky beast (D)
  A phantom (D)
  A centaur (D)
  3 crocodiles (D)
  4 bullfrogs (D)
  A crimson imp (D)
  2 orc priests (D)
  A hound (D)
  4 orc wizards (D)
  2 worker ants (D)
  An adder (D)
  An ooze (D)
  3 worms (D)
  10 orcs (D)
  A bat zombie (D)
  A hobgoblin (D)
  2 bats (D)
  A goblin (D)
94 creatures vanquished.

Notes
Turn   | Place    | Note
-------+----------+-------------------------------------------
     0 | D        | nuthulu the Spriggan Assassin began the quest for the Orb.
     0 | D        | Reached XP level 1. HP: 10/10 MP: 2/2
     6 | D        | Reached skill level 6 in Stealth
    12 | D        | Reached skill level 7 in Stealth
    24 | D        | Reached XP level 2. HP: 4/15 MP: 3/3
   244 | D        | Noticed a phantom
   244 | D        | Noticed a crimson imp
   258 | D        | Reached skill level 8 in Stealth
   267 | D        | Killed a phantom
   267 | D        | Reached skill level 5 in Short Blades
   267 | D        | Reached skill level 5 in Dodging
   267 | D        | Reached skill level 9 in Stealth
   267 | D        | Reached XP level 3. HP: 10/20 MP: 4/4
   267 | D        | Reached XP level 4. HP: 12/25 MP: 5/5
   269 | D        | Reached skill level 10 in Stealth
   271 | D        | Reached XP level 5. HP: 15/30 MP: 6/6
   520 | D        | Found a roughly hewn altar of Beogh.
   520 | D        | Found a snail-covered altar of Cheibriados.
   520 | D        | Found a shadowy altar of Dithmenos.
   520 | D        | Found a white marble altar of Elyvilon.
   520 | D        | Found a blossoming altar of Fedhas.
   520 | D        | Found an opulent altar of Gozag.
   521 | D        | Found a hazy altar of Hepliaklqana.
   522 | D        | Found a viscous altar of Jiyva.
   523 | D        | Found an ancient bone altar of Kikubaaqudgha.
   524 | D        | Found a corrupted altar of Lugonu.
   525 | D        | Became a worshipper of Dithmenos the Shadowed
   526 | D        | Found a burning altar of Makhleb.
   527 | D        | Found a sparkling altar of Nemelex Xobeh.
   528 | D        | Found an iron altar of Okawaru.
   529 | D        | Found a stormy altar of Qazlal.
   530 | D        | Found a sacrificial altar of Ru.
   531 | D        | Found a deep blue altar of Sif Muna.
   532 | D        | Found a bloodstained altar of Trog.
   533 | D        | Found a hide-covered altar of Uskayaw.
   534 | D        | Found a radiant altar of Vehumet.
   535 | D        | Found an ornate altar of the Wu Jian Council.
   536 | D        | Found a shimmering altar of Xom.
   537 | D        | Found a basalt altar of Yredelemnul.
   538 | D        | Found a glowing silver altar of Zin.
   539 | D        | Found a glowing golden altar of the Shining One.
   580 | D        | Noticed a two-headed ogre
   580 | D        | Noticed a gargoyle
   580 | D        | Noticed a hippogriff
   582 | D        | Reached skill level 11 in Stealth
   605 | D        | Killed a hippogriff
   605 | D        | Reached skill level 5 in Fighting
   605 | D        | Reached skill level 12 in Stealth
   605 | D        | Reached XP level 6. HP: 33/36 MP: 7/7
   610 | D        | Killed a gargoyle
   610 | D        | Reached * piety under Dithmenos
   610 | D        | Reached skill level 13 in Stealth
   610 | D        | Reached XP level 7. HP: 38/41 MP: 8/8
   612 | D        | Killed a two-headed ogre
   612 | D        | Reached skill level 10 in Short Blades
   612 | D        | Reached skill level 15 in Stealth
   612 | D        | Reached XP level 8. HP: 44/47 MP: 9/9
   617 | D        | Reached ** piety under Dithmenos
   638 | D        | Noticed a hippogriff
   638 | D        | Noticed a troll
   640 | D        | Killed a troll
   645 | D        | Killed a hippogriff
   645 | D        | Reached skill level 16 in Stealth
   649 | D        | Reached *** piety under Dithmenos
   664 | D        | Reached XP level 9. HP: 29/52 MP: 10/10
   988 | D        | Reached **** piety under Dithmenos
  1012 | D        | Noticed a black mamba
  1058 | D        | Reached skill level 17 in Stealth
  1068 | D        | Reached ***** piety under Dithmenos
  1092 | D        | Killed a black mamba
  1092 | D        | Reached skill level 15 in Dodging
  1366 | D        | Noticed an elephant
  1368 | D        | Killed an elephant
  1394 | D        | Reached skill level 10 in Fighting
  1403 | D        | Reached skill level 18 in Stealth
  1403 | D        | Reached XP level 10. HP: 49/59 MP: 11/11
  1412 | D        | Reached ****** piety under Dithmenos
  1558 | D        | Noticed a lindwurm
  1558 | D        | Noticed a lindwurm
  1564 | D        | Killed a lindwurm
  1566 | D        | Killed a lindwurm
  1858 | D        | Reached skill level 19 in Stealth
  2267 | D        | Noticed Eustachio
  2274 | D        | Killed Eustachio
  2583 | D        | Noticed an orc knight
  2583 | D        | Noticed an orc knight
  2695 | D        | Killed an orc knight
  2695 | D        | Reached skill level 1 in Invocations
  2782 | D        | Noticed an orc knight
  2833 | D        | Killed an orc knight
  2833 | D        | Reached XP level 11. HP: 65/65 MP: 14/14
  2888 | D        | Killed an orc knight
  2888 | D        | Reached skill level 20 in Stealth
  2962 | D        | Found Ufant's Antique Armour Boutique.
  2962 | D        | Noticed an orc high priest
  2962 | D        | Noticed an orc sorcerer
  2962 | D        | Noticed an orc high priest
  2964 | D        | Killed an orc high priest
  2965 | D        | Found Luup's Antique Weapon Shop.
  2966 | D        | Killed an orc sorcerer
  2967 | D        | Noticed an orc sorcerer
  2968 | D        | Killed an orc high priest
  2968 | D        | Reached skill level 5 in Invocations
  2969 | D        | Found Ajid Tita's Jewellery Boutique.
  2971 | D        | Noticed an orc sorcerer
  2973 | D        | Found Wuicziw's Jewellery Shop.
  2974 | D        | Noticed an orc knight
  2976 | D        | Noticed an orc sorcerer
  2978 | D        | Killed an orc sorcerer
  2992 | D        | Killed an orc sorcerer
  3022 | D        | Killed an orc knight
  3022 | D        | Reached skill level 15 in Short Blades
  3028 | D        | Gained mutation: Your body sometimes deteriorates upon
                  | taking damage. [a neqoxec]
  3030 | D        | Gained mutation: Potions are less effective at restoring
                  | your health. [a neqoxec]
  3039 | D        | Killed an orc sorcerer
  3114 | D        | Bought a buckler for 117 gold pieces
  3122 | D        | Bought a glowing quick blade for 378 gold pieces
  3301 | D        | Found the +7 great mace "Firestarter" {inner flame, rF++}
  3341 | D        | Noticed a cyan ugly thing
  3341 | D        | Noticed an unseen horror
  3342 | D        | Noticed a wizard
  3347 | D        | Noticed a deep troll earth mage
  3352 | D        | Reached skill level 21 in Stealth
  3403 | D        | Killed an unseen horror
  3403 | D        | Reached skill level 1 in Shields
  3418 | D        | Noticed a tengu warrior
  3422 | D        | Killed a cyan ugly thing
  3424 | D        | Noticed a vampire mage
  3457 | D        | Noticed a rakshasa
  3474 | D        | Killed a wizard
  3504 | D        | HP: 1/66 [deep troll earth mage/blast of rock fragments
                  | (15)]
  3506 | D        | Killed from afar by a deep troll earth mage

Skill      XL: |  1  2  3  4  5  6  7  8  9 10 11 |
---------------+----------------------------------+-----
Stealth        | 7 9 10 12 13 15 16 18 19 21 | 21.2
Dodging        | 5 7 9 11 12 13 15 17 19 | 19.0
Fighting       | 3 4 5 6 7 8 10 11 12 | 12.2
Short Blades   | 5 7 8 10 11 12 14 15 | 15.3
Invocations    | 3 6 |  6.8
Shields        | 2 |  2.0
Throwing       | |  2.2

Action                   |  1- 3 |  4- 6 |  7- 9 | 10-12 || total
-------------------------+-------+-------+-------+-------++-------
Melee: Dagger            |    36 |     5 |       |       ||    41
       Rapier            |       |    11 |    81 |   288 ||   380
       Quick blade       |       |       |       |   139 ||   139
Invok: Shadow Form       |       |       |       |     4 ||     4
       Shadow Step       |       |       |       |     1 ||     1
  Use: Potion            |     3 |     1 |     3 |     3 ||    10
       Scroll            |       |       |     2 |       ||     2
 Stab: Invisible         |       |     2 |     5 |     8 ||    15
       Sleeping          |       |       |     8 |    12 ||    20
       Distracted        |       |       |       |     2 ||     2
  Eat: Ration            |       |       |       |     1 ||     1
Armor: Robe              |     6 |     1 |       |       ||     7
Dodge: Dodged            |    27 |    20 |    58 |   198 ||   303
Block: Buckler           |       |       |       |    18 ||    18
